 Dungeon Crawl Stone Soup version 0.31-a0-321-g19405a7a6a (webtiles) character file.

Game seed: 10825080828509760710

58 gelatine the Chopper (level 3, -1/27 HPs)
             Began as a Demonspawn Gladiator on July 18, 2023.
             Slain by a black bear (3 damage)
             ... on level 2 of the Dungeon.
             The game lasted 00:02:36 (1195 turns).

gelatine the Chopper (Demonspawn Gladiator)         Turns: 1195, Time: 00:02:37

Health: -1/27      AC:  5    Str: 16    XL:     3   Next: 76%
Magic:  3/3        EV: 12    Int:  9    God:
Gold:   122        SH:  0    Dex: 14    Spells: 2/2 levels left

rFire   . . .        a - +0 war axe
rCold   . . .        (no shield)
rNeg    + . .        b - +0 leather armour
rPois   .            c - +0 helmet
rElec   .            k - scarf {shadows}
rCorr   .            (no gloves)
SInv    .            m - +0 pair of boots
Will    .....        (no amulet)
Stlth   +            u - ring of positive energy
HPRegen 0.24/turn    (no ring)
MPRegen 0.08/turn

%: no passive effects
@: no status effects
A: sturdy frame 1, weakness stinger 1
a: no special abilities


You were on level 2 of the Dungeon.
You visited 1 branch of the dungeon, and saw 2 of its levels.

You collected 122 gold pieces.

Inventory:

Hand Weapons
 a - a +0 war axe (weapon)
Missiles
 d - 3 throwing nets
 e - a javelin
 g - 2 boomerangs (quivered)
Armour
 b - a +0 leather armour (worn)
 c - a +0 helmet (worn)
 k - a scarf of shadows (worn)
 m - a +0 pair of boots (worn)
Jewellery
 t - a ring of fire
 u - a ring of positive energy (left hand)
Scrolls
 h - a scroll of noise {unknown}
 i - 2 scrolls of identify {unknown}
 n - a scroll of amnesia {unknown}
 o - a scroll of vulnerability {unknown}
 p - a scroll of poison {unknown}
Potions
 f - a potion of lignification {unknown}
 j - a potion of invisibility {unknown}
 l - a potion of heal wounds {unknown}
 q - a potion of curing {unknown}
 r - a potion of might {unknown}
 s - 2 potions of enlightenment {unknown}


   Skills:
 * Level 2.2 Fighting
 * Level 3.4 Axes
 * Level 2.1 Throwing
 * Level 1.2 Armour
 * Level 3.0 Dodging


You had 2 spell levels left.
You didn't know any spells.
Your spell library contained the following spells:

 Spells                   Type           Power      Damage    Failure   Level
 Dazzling Flash           Conj/Hex       0%         N/A       77%         3
 Volatile Blastmotes      Fire/Tloc      0%         2d10      77%         3
 Starburst                Conj/Fire      0%         6d3       100%        6
 Maxwell's Capacitive Co  Air            0%         ∞         100%        8


Dungeon Overview and Level Annotations

Branches:
Dungeon (2/15)

Altars:


Innate Abilities, Weirdness & Mutations

Your movements are slightly less encumbered by armour. (ER -2)
You have a small tail.


Message History

You tail-slap the black bear, but do no damage.
The black bear closely misses you. The black bear claws you. x2
You barely miss the black bear. The black bear bites you.
The black bear closely misses you. The black bear claws you.
The black bear misses you. The black bear claws you.
The black bear barely misses you.
You slash the black bear! You tail-slap the black bear.
The black bear is moderately wounded.
The black bear closely misses you. The black bear claws you.
The black bear claws you but does no damage.
You hit the black bear.
The black bear is heavily wounded.
The black bear bites you but does no damage.
The black bear closely misses you.
The black bear claws you but does no damage.
You hit the black bear.
The black bear is heavily wounded.
The black bear closely misses you. The black bear claws you.
The black bear claws you but does no damage.
The black bear closely misses you.
The black bear claws you but does no damage.
The black bear claws you.
You hit the black bear.
You tail-slap the black bear, but do no damage.
The black bear is severely wounded.
The black bear goes berserk!
You closely miss the black bear.
The black bear is severely wounded.
The black bear bites you but does no damage.
The black bear closely misses you. The black bear claws you.
* * * LOW HITPOINT WARNING * * *
The black bear closely misses you. The black bear barely misses you.
The black bear claws you but does no damage.
You slash the black bear!
The black bear is almost dead.
The black bear bites you.
* * * LOW HITPOINT WARNING * * *
The black bear claws you but does no damage.
The black bear claws you.
You die...

#.# #.# #.# ##.##
####
###.####...######...
#.....##.#..........
#.....##...######..#
#..................÷
#.....############.#
#.h@..# #.# #.#.###
#># .. #.# #.# ##
#.# #.# #.# #.# #.#
#.# #.# ####### #.#
#.###.....######.#
#.....###........#


You could see a black bear (berserk).

Vanquished Creatures
  3 adders (D:2)
  2 worms (D:2)
  An endoplasm (D:2)
  3 hobgoblins
  3 quokkas
  3 ball pythons
  4 bats
  3 goblins
  2 kobolds
  3 rats
27 creatures vanquished.

Notes
Turn   | Place    | Note
-------+----------+-------------------------------------------
     0 | D:1      | gelatine the Demonspawn Gladiator began the quest for the
                  | Orb.
     0 | D:1      | Reached XP level 1. HP: 16/16 MP: 1/1
   365 | D:1      | Gained mutation: You have a small tail. [demonic ancestry]
   365 | D:1      | Reached XP level 2. HP: 22/22 MP: 2/2
   692 | D:2      | Gained mutation: Your movements are slightly less
                  | encumbered by armour. (ER -2) [demonic ancestry]
   692 | D:2      | Reached XP level 3. HP: 27/27 MP: 3/3
   729 | D:2      | Reached skill level 1 in Armour
  1187 | D:2      | Noticed a black bear
  1195 | D:2      | Slain by a black bear

Illustrated notes

Levels and vault maps discovered:
D:1:      wander_arrival_estate, layout_rooms
D:2:      layout_loops_ring

Skill      XL: |  1  2  3 |
---------------+----------+-----
Axes           | 3 |  3.4
Throwing       | 2 |  2.1
Armour         | 1 |  1.2
Dodging        | 3 |  3.0
Fighting       | |  2.2

Action                     || total
---------------------------++-------
  Melee: War axe           ||    56
         Tailslap          ||     5
         Punch             ||     1
  Throw: Boomerang         ||    38
 Armour: Leather armour    ||    23
  Dodge: Dodged            ||    39

Table legend: (Time is in decaauts)
 A = Elapsed time spent in this place.
 B = Non-inter-level travel time spent in this place.
 C = Inter-level travel time spent in this place.
 D = Time resting spent in this place.
 E = Time spent auto-exploring this place.
 F = Levels seen in this place.
 G = Mean time per level.
                   A        B        C        D        E       F      G
               +--------+--------+--------+--------+--------+-----+--------+
         Total |   1220 |   1220 |      0 |      0 |    976 |   2 |  610.0 |
       Dungeon |   1220 |   1220 |      0 |      0 |    976 |   2 |  610.0 |
               +--------+--------+--------+--------+--------+-----+--------+

Top non-repeatable levels by time:
     D:2: 694 daAuts
     D:1: 526 daAuts
